 Dungeon Crawl Stone Soup version 0.31.0 (webtiles) character file.

Game seed: 14597021095866931215

2468 Iich the Cleaver (level 9, 0/65 (71) HPs)
             Began as a Demonspawn Fighter on Jan 20, 2024.
             Was an Initiate of Gozag.
             Slain by a wight
             ... wielding a +2 war axe of freezing
              (4 damage)
             ... on level 6 of the Dungeon.
             The game lasted 00:11:00 (5523 turns).

Iich the Cleaver (Demonspawn Fighter)               Turns: 5523, Time: 00:11:02

HP:   0/65 (71)     AC: 11    Str: 20    XL:     9   Next: 26%
MP:   9/9           EV:  9    Int: 16    God:    Gozag
Gold: 632           SH:  9    Dex: 10    Spells: 8/8 levels left

rFire   . . .        a - +0 war axe
rCold   . . .        c - +0 buckler
rNeg    . . .        i - +0 chain mail
rPois   .            (helmet restricted)
rElec   .            k - +0 cloak
rCorr   .            (no gloves)
SInv    +            m - +0 pair of boots
Will    .....        r - amulet of reflection Stlth
                     S - ring of see invisible
HPRegen 0.30/turn    (no ring)
MPRegen 0.11/turn

%: reflection
@: mighty, gold aura, drained
A: horns 2, powered by pain 1, big brain 2, clever 1, clumsy 1, sense
surroundings 1
a: Renounce Religion, Potion Petition, Call Merchant, Bribe Branch


You were on level 6 of the Dungeon.
You worshipped Gozag.
Gozag was pleased with you.
You visited 2 branches of the dungeon, and saw 7 of its levels.
You also visited: Ossuary.

You collected 702 gold pieces.
You paid 70 gold pieces to Gozag.

Inventory:

Hand Weapons
 a - a +0 war axe (weapon)
Armour
 b - a +0 scale mail
 c - a +0 buckler (worn)
 i - a +0 chain mail (worn)
 k - a +0 cloak (worn)
 m - a +0 pair of boots (worn)
Jewellery
 n - a ring of magical power
 r - an amulet of reflection (around neck)
 A - an amulet of magic regeneration
 S - a ring of see invisible (left hand)
Wands
 y - a wand of paralysis (12)
Scrolls
 e - a scroll of amnesia
 g - a scroll of fear
 j - a scroll of vulnerability {unknown}
 o - a scroll of noise {unknown}
 p - a scroll of revelation {unknown}
 t - a scroll of teleportation
 w - a scroll of silence {unknown}
 B - a scroll of blinking
 E - a scroll of immolation
 F - a scroll of butterflies {unknown}
Potions
 d - a potion of might
 f - a potion of lignification
 h - 2 potions of mutation
 l - a potion of heal wounds
 q - 3 potions of curing
 s - a potion of degeneration
 u - a potion of invisibility
 v - a potion of enlightenment {unknown}
 z - a potion of attraction {unknown}
 C - a potion of cancellation {unknown}
 D - a potion of brilliance {unknown}
Miscellaneous
 x - a phantom mirror


   Skills:
 + Level 6.9 Fighting
 * Level 8.4 Axes
 - Level 2.6 Armour
 + Level 5.5 Dodging
 - Level 2.6 Shields


You had 8 spell levels left.
You didn't know any spells.
Your spell library contained the following spells:

 Spells                   Type           Power      Damage    Failure   Level
 Sting                    Conj/Alch      0%         1d3       94%         1
 Lesser Beckoning         Tloc           0%         N/A       98%         2
 Mercury Vapours          Alch/Air       0%         N/A       98%         2
 Sublimation of Blood     Necr           0%         N/A       98%         2
 Gell's Gravitas          Tloc           0%         N/A       100%        3
 Teleport Other           Tloc           0%         N/A       100%        3
 Tukima's Dance           Hex            0%         N/A       100%        3
 Dimensional Bullseye     Hex/Tloc       0%         N/A       100%        4
 Iskenderun's Mystic Bla  Conj/Tloc      0%         2d3       100%        4
 Olgreb's Toxic Radiance  Alch           0%         N/A       100%        4
 Petrify                  Alch/Erth      0%         N/A       100%        4
 Irradiate                Conj/Alch      0%         3d11      100%        5


Dungeon Overview and Level Annotations

Branches:
Dungeon (6/15)             Temple (1/1) D:5         Ossuary (visited)

Altars:
Cheibriados
Dithmenos
Fedhas
Gozag
Kikubaaqudgha
Makhleb
Okawaru
Qazlal
Ru
Sif Muna
Vehumet
Wu Jian
Xom


Innate Abilities, Weirdness & Mutations

You have a pair of horns on your head.
You sometimes gain a little power by taking damage.
You have an extremely huge brain. (Int +4)
Your mind is acute. (Int +4, Str/Dex -1)
You are clumsy. (Dex -2)
You passively map a small area around you.


Message History

You hit the wight. Your headbutt misses the wight.
The wight is moderately damaged.
The wight hits you but does no damage. The wight hits you with a +3 spear!
* * * LOW HITPOINT WARNING * * *
You take 9 damage, and have 17/67 hp.
You closely miss the wight.
The wight is moderately damaged.
You block the wight's attack.
Unknown command.
You feel very mighty all of a sudden. The wight hits you with a +3 spear.
* * * LOW HITPOINT WARNING * * *
You take 5 damage, and have 12/67 hp.
You completely miss the wight. Your headbutt misses the wight.
The wight is moderately damaged.
You block the wight's attack.
You barely miss the wight.
The wight is moderately damaged.
The wight hits you but does no damage.
You closely miss the wight.
The wight is moderately damaged.
The wight hits you but does no damage.
You hit the wight.
The wight is severely damaged.
The wight barely misses you.
You hit the wight but do no damage.
The wight is severely damaged.
The wight closely misses you.
You completely miss the wight. Your headbutt misses the wight.
The wight is severely damaged.
You block the wight's attack.
You barely miss the wight. You headbutt the wight.
You destroy the wight!
The wight hits you with a +2 war axe of freezing!
* * * LOW HITPOINT WARNING * * *
You feel drained.
* * * LOW HITPOINT WARNING * * *
The wight freezes you.
You die...
Your body crumbles into a pile of gold.

* ############## *
#.....@z......, ,
#.############ #.#
#.##############
#............... ,
#...............
#...............
#.......)....... ,
#...............,,
,


You could see a wight.

Vanquished Creatures
  The ghost of ZoaN the Digger, a novice GrEE of Vehumet (D:5)
  A shadow (D:5)
  Sigmund (D:4)
  Duvessa (D:4)
  A black bear (D:6)
  3 ice beasts
  An ogre (D:5)
  A kobold brigand (D:6)
  2 scorpions (D:5)
  4 wights (D:6)
  Dowan (D:4)
  A bombardier beetle (D:4)
  A jelly (D:5)
  3 orc priests
  8 hounds
  Crazy Yiuf (D:2)
  Jessica (D:3)
  3 iguanas (D:4)
  2 orc wizards
  8 mummies (Ossuary)
  7 gnolls (D:4)
  10 adders
  A white imp (D:5)
  3 dart slugs
  2 ribbon worms
  24 orcs
  4 ball pythons
  2 endoplasms
  6 giant cockroaches
  A gnoll zombie (Ossuary)
  4 goblins
  5 hobgoblins
  2 jackals (D:2)
  15 kobolds
  3 quokkas
  4 bats
  2 frilled lizards (D:2)
  3 hobgoblin zombies (Ossuary)
  3 kobold zombies (Ossuary)
  An orc zombie (Ossuary)
  5 rats
152 creatures vanquished.

Vanquished Creatures (others)
  A howler monkey (D:5)
  A bombardier beetle (D:4)
2 creatures vanquished.

Grand Total: 154 creatures vanquished

Notes
Turn   | Place    | Note
-------+----------+-------------------------------------------
     0 | D:1      | Iich the Demonspawn Fighter began the quest for the Orb.
     0 | D:1      | Reached XP level 1. HP: 18/18 MP: 1/1
    42 | D:1      | Reached skill level 2 in Axes
    83 | D:1      | Gained mutation: You have a pair of small horns on your
                  | head. [demonic ancestry]
    83 | D:1      | Reached XP level 2. HP: 24/24 MP: 2/2
   131 | D:1      | Found a faded altar of an unknown god.
   682 | D:2      | Reached skill level 1 in Dodging
   809 | D:2      | Gained mutation: You sometimes gain a little power by
                  | taking damage. [demonic ancestry]
   809 | D:2      | Reached XP level 3. HP: 27/29 MP: 3/3
   919 | D:2      | Found a runed translucent door.
   920 | D:2      | Noticed Crazy Yiuf
  1401 | D:2      | Killed Crazy Yiuf
  1402 | D:2      | Reached skill level 3 in Axes
  1402 | D:2      | Reached XP level 4. HP: 36/36 MP: 4/4
  1461 | D:3      | Found an ancient bone altar of Kikubaaqudgha.
  1545 | D:3      | Gained mutation: You have a pair of horns on your head.
                  | [demonic ancestry]
  1545 | D:3      | Reached XP level 5. HP: 13/41 MP: 5/5
  1872 | D:3      | Noticed Jessica
  1877 | D:3      | Killed Jessica
  2028 | D:4      | Reached skill level 4 in Axes
  2355 | D:4      | Gained mutation: You have an unusually large brain. (Int
                  | +2) [demonic ancestry]
  2355 | D:4      | Reached XP level 6. HP: 48/48 MP: 6/6
  2593 | D:4      | Noticed Dowan
  2594 | D:4      | Noticed Duvessa
  2611 | D:4      | Killed Duvessa
  2629 | D:4      | Killed Dowan
  2630 | D:4      | Reached skill level 5 in Axes
  2642 | D:4      | Identified the +0 dagger of the Gloaming {holy, Fly Stlth+}
  2807 | D:4      | Reached XP level 7. HP: 52/55 MP: 7/7
  2942 | D:4      | Noticed Sigmund
  2970 | D:4      | Killed Sigmund
  2971 | D:4      | Reached skill level 5 in Fighting
  3311 | D:5      | Entered Level 5 of the Dungeon
  3334 | D:5      | Reached skill level 6 in Axes
  3413 | D:5      | Noticed ZoaN's ghost (novice GrEE)
  3415 | D:5      | Noticed a shadow
  3417 | D:5      | Reached XP level 8. HP: 63/63 MP: 8/8
  3421 | D:5      | Found a runed translucent gate.
  3421 | D:5      | Found a runed translucent gate.
  3422 | D:5      | Found a runed translucent gate.
  3966 | D:5      | Found a staircase to the Ecumenical Temple.
  3984 | Temple   | Entered the Ecumenical Temple
  4117 | Temple   | Became a worshipper of Gozag Ym Sagoz the Greedy
  4490 | D:5      | Reached skill level 7 in Axes
  4502 | D:5      | Killed ZoaN's ghost
  4503 | D:5      | Reached skill level 5 in Dodging
  4748 | D:6      | Found a sand-covered staircase.
  4765 | Ossuary  | Entered an ossuary
  5118 | Ossuary  | Gained mutation: You passively map a small area around you.
                  | [potion of mutation]
  5118 | Ossuary  | Gained mutation: Your mind is acute. (Int +4, Str/Dex -1)
                  | [potion of mutation]
  5118 | Ossuary  | Gained mutation: You are clumsy. (Dex -2) [potion of
                  | mutation]
  5184 | D:6      | Gained mutation: You have an extremely huge brain. (Int +4)
                  | [demonic ancestry]
  5184 | D:6      | Reached XP level 9. HP: 63/71 MP: 9/9
  5189 | D:6      | Reached skill level 8 in Axes
  5523 | D:6      | Slain by a wight

Illustrated notes

Levels and vault maps discovered:
D:1:      spicycebolla_green_bress_n_ham_2, layout_rooms,
          chequers_ecumenical_altar_island, wad_floor_pattern_untrapped
D:2:      layout_basic, uniq_crazy_yiuf_cottage
D:3:      layout_rooms, mainiacjoe_overflow_tiny_flanked, uniq_jessica
D:4:      minmay_octagon_keep, layout_rooms, uniq_sigmund, uniq_duvessa
D:5:      wander_river, layout_loops_ring, minmay_temple_entry_ruins,
          gammafunk_ghost_split
D:6:      layout_basic, nicolae_ossuary_entry_ruins, supply_closet_lemuel,
          serial_bayou_pond_e
Temple:   nicolae_temple_bog_church

Skill      XL: |  1  2  3  4  5  6  7  8  9 |
---------------+----------------------------+-----
Axes           | 2 3 4 5 6 7 8 |  8.4
Dodging        | 1 2 3 4 5 |  5.5
Fighting       | 4 5 6 |  6.9
Armour         | |  2.6
Shields        | |  2.6

Action                     |  1- 3 |  4- 6 |  7- 9 || total
---------------------------+-------+-------+-------++-------
  Melee: War axe           |    74 |   130 |   258 ||   462
         Headbutt          |     8 |    14 |    58 ||    80
    Use: Potion            |     2 |     2 |     6 ||    10
         Scroll            |       |       |     5 ||     5
   Stab: Invisible         |       |       |     2 ||     2
 Armour: Scale mail        |    57 |    96 |   114 ||   267
         Chain mail        |       |       |    23 ||    23
  Dodge: Dodged            |    28 |    82 |    94 ||   204
  Block: Buckler           |    10 |    64 |   108 ||   182
         Reflection        |       |     1 |     2 ||     3
